 Dungeon Crawl Stone Soup version 0.24.0-35-gdb84b6a5db (webtiles) character file.

Game seed: 8085891902827926664, levelgen mode: deterministic

51 Nattfarinn the Stinger (level 3, -1/28 HPs)
             Began as a Naga Venom Mage on Nov 19, 2019.
             Slain by a hobgoblin (7 damage)
             ... led by Robin
             ... on level 2 of the Dungeon.
             The game lasted 00:06:16 (1777 turns).

Nattfarinn the Stinger (Naga Venom Mage)            Turns: 1777, Time: 00:06:17

Health: -1/28      AC:  2    Str: 10    XL:     3   Next: 81%
Magic:  1/6        EV: 15    Int: 16    God:
Gold:   82         SH:  0    Dex: 16    Spells: 2/6 levels left

rFire    . . .     SeeInvis +   (no weapon)
rCold    . . .     Gourm    .   (no shield)
rNeg     . . .     Faith    .   a - +0 robe
rPois    +         Spirit   .   (no helmet)
rElec    .         Reflect  .   (no cloak)
rCorr    .         Harm     .   (no gloves)
MR       .....                  (no barding)
Stlth    +++.......             (no amulet)
HPRegen  0.09/turn              (no ring)
MPRegen  0.10/turn              (no ring)

@: agile, very slow
A: large, see invisible, deformed body, poison resistance, slowness 2, slow
metabolism 1, spit poison 1, AC +1
a: Spit Poison


You were on level 2 of the Dungeon.
You were very hungry.

You visited 1 branch of the dungeon, and saw 2 of its levels.

You collected 82 gold pieces.

Inventory:

Armour
 a - a +0 robe (worn)
Scrolls
 b - a scroll of teleportation {unknown}
 e - a scroll of blinking {unknown}
Comestibles
 c - 4 rations


   Skills:
 + Level 1.1 Armour
 - Level 1.5 Dodging
 - Level 3.0 Stealth
 + Level 2.4 Spellcasting
 - Level 1.1 Conjurations
 * Level 5.1 Poison Magic


You had 2 spell levels left.
You knew the following spells:

 Your Spells              Type           Power        Failure   Level  Hunger
a - Sting                 Conj/Pois      ##..         5%          1    #......
b - Mephitic Cloud        Conj/Pois/Air  #.......     26%         3    ###....

Your spell library contained the following spells:

 Spells                   Type           Power        Failure   Level  Hunger
 Poisonous Vapours        Pois/Air       ##....       11%         2    ###....
 Olgreb's Toxic Radiance  Pois           ###.....     24%         4    #####..
 Venom Bolt               Conj/Pois      ##........   83%         5    ######.


Dungeon Overview and Level Annotations

Branches:
Dungeon (2/15)

Altars:

Annotations:
D:2 Robin


Innate Abilities, Weirdness & Mutations

You cannot wear boots.
Your serpentine skin is tough. (AC +1)
You have supernaturally acute eyesight. (SInv)
Armour fits poorly on your strangely shaped body.
Your system is resistant to poisons. (rPois)
You cover ground very slowly.
You have a slow metabolism.
You can spit poison.


Message History

The hobgoblin is heavily wounded.
Robin looks more healthy.
The hobgoblin hits you.
You hit the hobgoblin.
The hobgoblin is severely wounded.
The hobgoblin barely misses you.
The hobgoblin no longer looks unusually strong.
Robin roars a battlecry!
The hobgoblin goes into a battle-frenzy!
The hobgoblin hits you. The hobgoblin hits you.
* * * LOW HITPOINT WARNING * * *
Casting: Sting (safe; 5% risk of failure)
Confirm with . or Enter, or press ? or * to list all spells.
Aiming: Sting (safe; 5% risk of failure)
Press: ? - help, Shift-Dir - straight line, f/p - Robin
Aim: Robin, wielding a +0 dagger, wearing a +0 animal skin and wearing a +0 helmet (lightly wounded)
The sting hits the hobgoblin but does no damage.
The hobgoblin is severely wounded.
The hobgoblin hits you!
You die...

......# ##########...##
#.#...# #......#
......# #.##..##
......# #.##..#
#.....###### ###.##..#
............ ..#.##..#
#....#########.#.##..#
#......<)))..#.#.##..#
....).#)###..#.#@##..##
#.....#..##.##.#g.....#
...............g......#
####..########.########
...# ....# ###.# #....#
#.# #....# #.# #....#
#....#


You could see Robin and a hobgoblin.

Vanquished Creatures
  A dart slug (D:1)
  2 leopard geckos (D:1)
  4 giant cockroaches
  6 hobgoblins
  A ball python (D:1)
  5 bats (D:1)
  3 frilled lizards (D:1)
  11 goblins
  8 kobolds
  2 rats (D:1)
43 creatures vanquished.

Notes
Turn   | Place    | Note
-------+----------+-------------------------------------------
     0 | D:1      | Nattfarinn the Naga Venom Mage began the quest for the Orb.
     0 | D:1      | Reached XP level 1. HP: 15/15 MP: 3/3
   321 | D:1      | Reached XP level 2. HP: 21/22 MP: 1/5
   819 | D:1      | Reached XP level 3. HP: 23/28 MP: 0/6
  1175 | D:2      | Reached skill level 1 in Armour
  1252 | D:2      | Reached skill level 5 in Poison Magic
  1409 | D:2      | Noticed Robin
  1742 | D:1      | Learned a level 3 spell: Mephitic Cloud
  1777 | D:2      | Slain by a hobgoblin

Levels and vault maps discovered:
D:1:      sevenhm_arrival_forest_fort_small_6, layout_rooms, minmay_door_square,
          minmay_tetromino_l2
D:2:      layout_basic, lemuel_round_altar,
          chequers_temple_overflow_statue_of_worship, first_ration, uniq_robin

Skill      XL: |  1  2  3 |
---------------+----------+-----
Armour         | 1 |  1.1
Poison Magic   | 5 |  5.1
Dodging        | |  1.5
Stealth        | |  3.0
Spellcasting   | |  2.4
Conjurations   | |  1.1

Action                   || total
-------------------------++-------
Melee: Unarmed           ||    50
 Cast: Sting             ||    61
       Mephitic Cloud    ||     1
  Use: Potion            ||     3
       Scroll            ||     1
 Stab: Confused          ||     1
  Eat: Chunk             ||     1
Armor: Robe              ||    14
Dodge: Dodged            ||    45
